 Dungeon Crawl Stone Soup version 0.29-a0-837-g174bc33265 (webtiles) character file.

Game seed: 14709833100700877704

304 Decritt the Trooper (level 6, -1/40 HPs)
             Began as a Gargoyle Fighter on July 13, 2022.
             Slain by a killer bee (4 damage)
             ... on level 4 of the Dungeon.
             The game lasted 00:04:59 (2824 turns).

Decritt the Trooper (Gargoyle Fighter)              Turns: 2824, Time: 00:05:00

Health: -1/40      AC: 11    Str: 28    XL:     6   Next: 38%
Magic:  6/6        EV: 10    Int:  8    God:
Gold:   205        SH:  5    Dex: 16    Spells: 5/5 levels left

rFire   . . .      SeeInvis .   e - +4 spear
rCold   . . .      Faith    .   c - +0 buckler
rNeg    + . .      Spirit   .   b - +0 scale mail
rPois   ∞          Reflect  .   k - -1 helmet of the Journeyman {Dex+7}
rElec   +          Harm     .   (no cloak)
rCorr   .          Rampage  .   (no gloves)
Will    .....                   (no boots)
Stlth   ..........              (no amulet)
HPRegen 0.13/turn               i - +6 ring of strength
MPRegen 0.10/turn               (no ring)

@: no status effects
A: sickness immunity, AC +4, negative energy resistance 1, electricity
resistance, torment resistance 1, petrification resistance
a: no special abilities


You were on level 4 of the Dungeon.
You visited 1 branch of the dungeon, and saw 4 of its levels.

You collected 205 gold pieces.

Inventory:

Hand Weapons
 a - a +0 flail
 e - a +4 spear (weapon)
Armour
 b - a +0 scale mail (worn)
 c - a +0 buckler (worn)
 k - the -1 helmet of the Journeyman (worn) {Dex+7}
   (You took it off Robin on level 2 of the Dungeon)

   Dex:       It affects your dexterity (+7).
Jewellery
 i - a +6 ring of strength (left hand)
Scrolls
 f - a scroll of enchant armour {unknown}
 j - a scroll of noise {unknown}
 n - 2 scrolls of teleportation
 o - 2 scrolls of enchant weapon {unknown}
 p - a scroll of fog {unknown}
 q - a scroll of amnesia {unknown}
Potions
 d - 2 potions of might
 g - a potion of haste {unknown}
 h - 4 potions of mutation
 l - 2 potions of magic
 m - a potion of brilliance


   Skills:
 * Level 4.9 Fighting
 + Level 3.4 Maces & Flails
 + Level 4.5 Armour
 + Level 1.2 Dodging
 + Level 4.4 Shields


You had 5 spell levels left.
You didn't know any spells.
Your spell library contained the following spells:

 Spells                   Type           Power      Damage    Failure   Level
 Foxfire                  Conj/Fire      0%         2x1d4     75%         1
 Freeze                   Ice            0%         1d3       75%         1
 Conjure Flame            Conj/Fire      0%         6-21      98%         3
 Frozen Ramparts          Ice            0%         1d2       98%         3
 Ignite Poison            Fire/Tmut/Pois 0%         N/A       98%         3
 Inner Flame              Hex/Fire       0%         N/A       98%         3
 Mephitic Cloud           Conj/Pois/Air  0%         N/A       98%         3
 Flame Wave               Conj/Fire      0%         2d4       100%        4
 Hailstorm                Conj/Ice       0%         3d3       100%        4
 Freezing Cloud           Conj/Ice/Air   0%         6-21      100%        5


Dungeon Overview and Level Annotations

Branches:
Dungeon (4/15)
 Temple: D:4-7

Altars:

Shops:
D:2 =

Annotations:
D:1 2 runed translucent doors


Innate Abilities, Weirdness & Mutations

You are immune to sickness and miasma.
Your stone body is resilient. (AC +4)
You are immune to poison.
You resist negative energy. (rN+)
You are resistant to electric shocks. (rElec)
You are resistant to unholy torment.
You are immune to petrification.


Message History

The killer bee barely misses you. You block the killer bee's attack.
The killer bee completely misses you.
You puncture the killer bee!
You kill the killer bee!
The killer bee stings you.
* * * LOW HITPOINT WARNING * * *
You puncture the killer bee!
The killer bee is heavily wounded.
The killer bee barely misses you. x2; You block the killer bee's attack.
You block the hobgoblin's attack. The killer bee stings you.
* * * LOW HITPOINT WARNING * * *
You block the killer bee's attack. The hobgoblin closely misses you.
You are too injured to fight recklessly!
The killer bee attacks as you move away!
The killer bee stings you.
* * * LOW HITPOINT WARNING * * *
The killer bee barely misses you. You block the killer bee's attack.
The killer bee stings you but does no damage.
You block the killer bee's attack. The killer bee barely misses you.
You are too injured to fight recklessly!
You block the killer bee's attack.
The killer bee stings you but does no damage.
You are too injured to fight recklessly!
You are too injured to fight recklessly!
You are too injured to fight recklessly!
A killer bee comes into view.
Found 13 gold pieces.
The killer bee buzzes angrily.
The killer bee stings you.
* * * LOW HITPOINT WARNING * * *
The killer bee stings you.
* * * LOW HITPOINT WARNING * * *
The killer bee stings you but does no damage.
You are too injured to fight recklessly!
You are too injured to fight recklessly!
The killer bee attacks as you move away!
The killer bee stings you.
* * * LOW HITPOINT WARNING * * *
The killer bee stings you.
You die...

###.##....#.....
....##..####...
.#.##...##.#....
###..##..........
...#.......#...#
#.##.....##
###.........#
##..##††...##...##
.........ggyy@..#
..###.#.##.y#.###
# #.....#.#
#.#......
...#...#.##
.$...###### ###..
##.


You could see 3 killer bees and 2 hobgoblins.

Vanquished Creatures
  3 killer bees (D:4)
  An iguana (D:3)
  Robin (D:2)
  5 adders
  2 worms
  2 dart slugs
  4 bats
  6 endoplasms
  4 giant cockroaches
  13 goblins
  13 hobgoblins
  3 jackals (D:1)
  7 kobolds
  2 quokkas (D:2)
  6 ball pythons
  4 frilled lizards
  4 rats
80 creatures vanquished.

Notes
Turn   | Place    | Note
-------+----------+-------------------------------------------
     0 | D:1      | Decritt the Gargoyle Fighter began the quest for the Orb.
     0 | D:1      | Reached XP level 1. HP: 14/14 MP: 1/1
    36 | D:1      | Reached XP level 2. HP: 15/19 MP: 2/2
   162 | D:1      | Found a large runed translucent door.
   162 | D:1      | Found a large runed translucent door.
   672 | D:1      | Noticed an ogre
   672 | D:1      | Noticed an ogre
   672 | D:1      | Noticed an ogre
   673 | D:1      | Noticed an ogre
   798 | D:1      | Reached XP level 3. HP: 23/23 MP: 3/3
  1165 | D:2      | Identified the -1 helmet of the Journeyman {Dex+7}
  1165 | D:2      | Noticed Robin
  1170 | D:2      | Killed Robin
  1171 | D:2      | Reached XP level 4. HP: 29/29 MP: 4/4
  1362 | D:2      | Found Beagykat's Jewellery Boutique.
  1974 | D:3      | Reached XP level 5. HP: 21/33 MP: 5/5
  2317 | D:3      | Found a faded altar of an unknown god.
  2750 | D:4      | Reached skill level 1 in Dodging
  2812 | D:4      | Reached XP level 6. HP: 35/39 MP: 6/6
  2824 | D:4      | Slain by a killer bee

Illustrated notes

Levels and vault maps discovered:
D:1:      erik_arrival_cave_to_civilisation [erik_arrival_cave_to_temple],
          layout_rooms, serial_curves, eino_curves_02, eino_curves_02,
          eino_curves_04, eino_curves_04, st_stairs_5,
          minmay_misc_feat_four_crosses, minmay_pentomino_x2
D:2:      layout_basic, serial_shops, shop, uniq_robin
D:3:      layout_basic, nicolae_ecumenical_oubliette, minmay_quadrilaterals
D:4:      layout_cave_pools, mainiacjoe_overflow_concentric_impassable,
          serial_shops, nicolae_shop_behind_doors, hangedman_feature_mirror,
          uniq_blork_the_orc

Skill      XL: |  1  2  3  4  5 |
---------------+----------------+-----
Fighting       | 4 |  4.9
Armour         | 4 |  4.5
Shields        | 4 |  4.4
Maces & Flails | 3 |  3.4
Dodging        | 1 |  1.2

Action                   |  1- 3 |  4- 6 || total
-------------------------+-------+-------++-------
Melee: Flail             |    14 |       ||    14
       Spear             |    71 |   131 ||   202
  Use: Scroll            |       |     4 ||     4
Armor: Scale mail        |    24 |    57 ||    81
Dodge: Dodged            |    20 |    67 ||    87
Block: Buckler           |     8 |    44 ||    52

Table legend: (Time is in decaauts)
 A = Elapsed time spent in this place.
 B = Non-inter-level travel time spent in this place.
 C = Inter-level travel time spent in this place.
 D = Time resting spent in this place.
 E = Time spent auto-exploring this place.
 F = Levels seen in this place.
 G = Mean time per level.
                   A        B        C        D        E       F      G
               +--------+--------+--------+--------+--------+-----+--------+
         Total |   2856 |   2774 |     82 |      0 |   2318 |   4 |  714.0 |
       Dungeon |   2856 |   2774 |     82 |      0 |   2318 |   4 |  714.0 |
               +--------+--------+--------+--------+--------+-----+--------+

Top non-repeatable levels by time:
     D:1: 1022 daAuts
     D:3: 800 daAuts
     D:2: 775 daAuts
     D:4: 257 daAuts
